 Dungeon Crawl Stone Soup version 0.28.0-53-g5a82cb258f (webtiles) character file.

Game seed: 297629027817206783

318 issech the Chopper (level 6, -1/53 HPs)
             Began as a Minotaur Monk on June 1, 2022.
             Slain by a killer bee (5 damage)
             ... on level 4 of the Dungeon.
             The game lasted 00:09:39 (4115 turns).

issech the Chopper (Minotaur Monk)                  Turns: 4115, Time: 00:09:40

Health: -1/53      AC: 11    Str: 16    XL:     6   Next: 21%
Magic:  5/5        EV:  4    Int:  7    God:
Gold:   114        SH:  8    Dex: 14    Spells: 5/5 levels left

rFire   + + .      SeeInvis .   A - +0 war axe
rCold   + . .      Faith    .   C - +0 kite shield
rNeg    . . .      Spirit   .   c - +0 plate armour
rPois   .          Reflect  .   (helmet restricted)
rElec   .          Harm     .   z - scarf {rC+ rF+}
rCorr   .          Rampage  .   (no gloves)
Will    .....                   (no boots)
Stlth   ..........              (no amulet)
HPRegen 0.17/turn               e - ring of protection from fire
MPRegen 0.09/turn               N - ring of flight

@: flying
A: horns 2, retaliatory headbutt
a: no special abilities


You were on level 4 of the Dungeon.
You visited 1 branch of the dungeon, and saw 4 of its levels.

You collected 114 gold pieces.

Inventory:

Hand Weapons
 a - a +0 hand axe
 m - a +0 mace
 o - a +0 hand axe
 q - a +0 whip
 r - a +0 club
 s - a +0 long sword
 t - a +0 hunting sling
 v - a +0 club
 A - a +0 war axe (weapon)
 B - a +0 mace of holy wrath
 I - a +0 hand crossbow
 K - a +0 dagger of venom
 M - a +2 dagger of protection
Missiles
 i - 90 stones (quivered)
 j - 30 arrows
 y - 4 javelins
 J - 3 poisoned darts
Armour
 b - a +0 robe
 c - a +0 plate armour (worn)
 n - a +0 ring mail
 p - a +0 leather armour
 w - a +2 scale mail of cold resistance
 z - a scarf of resistance (worn)
 C - a +0 kite shield (worn)
Magical Staves
 x - a staff of poison
Jewellery
 e - a ring of protection from fire (left hand)
 l - a ring of fire
 N - a ring of flight (right hand)
Scrolls
 f - 2 scrolls of noise
 g - a scroll of amnesia
 h - 2 scrolls of enchant armour
 k - 3 scrolls of holy word
 u - a scroll of torment
 D - a scroll of immolation
 E - 2 scrolls of vulnerability {unknown}
 G - a scroll of magic mapping {unknown}
 H - a scroll of identify
 L - a scroll of enchant weapon {unknown}
Potions
 d - a potion of lignification {unknown}
 F - 3 potions of berserk rage {unknown}


   Skills:
 + Level 4.7 Fighting
 + Level 6.2 Axes
 + Level 3.7 Armour
 + Level 3.6 Dodging
 + Level 1.6 Stealth
 + Level 1.5 Shields


You had 5 spell levels left.
You didn't know any spells.
Your spell library contained the following spells:

 Spells                   Type           Power      Damage    Failure   Level
 Animate Skeleton         Necr           0%         N/A       100%        1
 Pain                     Necr           0%         1d4       100%        1
 Sandblast                Erth           0%         2d4       100%        1
 Sting                    Tmut/Pois      0%         1d3       100%        1
 Blink                    Tloc           0%         N/A       100%        2
 Corpse Rot               Necr/Air       0%         N/A       100%        2
 Passwall                 Tmut/Erth      0%         N/A       100%        2
 Poisonous Vapours        Pois/Air       0%         N/A       100%        2
 Gell's Gravitas          Tloc           0%         N/A       100%        3
 Lesser Beckoning         Tloc           0%         N/A       100%        3
 Stone Arrow              Conj/Erth      0%         3d7       100%        3
 Teleport Other           Tloc           0%         N/A       100%        3
 Vampiric Draining        Necr           0%         2d6       100%        3
 Fulminant Prism          Conj/Hex       0%         3d6       100%        4
 Iskenderun's Mystic Bla  Conj/Tloc      0%         2d3       100%        4
 Sticky Flame             Conj/Fire      0%         2d3       100%        4
 Alistair's Intoxication  Tmut/Pois      0%         N/A       100%        5
 Manifold Assault         Tloc           0%         N/A       100%        5
 Dispersal                Tloc           0%         N/A       100%        6


Dungeon Overview and Level Annotations

Branches:
Dungeon (4/15)
 Temple: D:4-7

Altars:


Innate Abilities, Weirdness & Mutations

You have a pair of horns on your head.
You reflexively headbutt those who attack you in melee.


Message History

The killer bee poisons you!
You feel very sick.
The killer bee stings you but does no damage.
The killer bee stings you!
You feel sick. You block the killer bee's attack.
You hit the killer bee. Your headbutt misses the killer bee.
The killer bee is lightly wounded.
You feel sick.
The killer bee stings you but does no damage.
The killer bee stings you.
You slash the killer bee!
The killer bee is severely wounded.
You feel sick.
The killer bee stings you but does no damage. x2
You block the killer bee's attack.
You miss the killer bee.
The killer bee is severely wounded.
You feel sick.
The killer bee stings you but does no damage.
You block the killer bee's attack. The killer bee stings you!
* * * LOW HITPOINT WARNING * * *
You slash the killer bee!
You kill the killer bee!
You feel sick. The killer bee stings you!
* * * LOW HITPOINT WARNING * * *
You closely miss the killer bee.
You feel sick.
You are no longer poisoned.
The killer bee stings you but does no damage.
You block the killer bee's attack.
The killer bee stings you but does no damage.
You hit the killer bee.
The killer bee is moderately wounded.
The killer bee stings you but does no damage. x2
The killer bee barely misses you. You block the killer bee's attack.
You hit the killer bee.
The killer bee is heavily wounded.
The killer bee stings you but does no damage.
The killer bee stings you.
You die...

...#.#####.#..........# .
........##.#....#.#.#.#...
........##................
.....................+
.....#..##......y.####
.#.#.......#...#y##
.###.##.#####.##y# .
#.##.# ####y# . .# #@# #.#
... ##.#. #.#.# #.# # #..
...


You could see 4 killer bees.

Vanquished Creatures
  A killer bee (D:4)
  Natasha (thrice) (D:2)
  2 orc wizards (D:3)
  Terence (D:2)
  6 adders
  4 worms
  3 dart slugs
  2 orcs (D:3)
  6 bats
  4 endoplasms
  2 giant cockroaches
  8 goblins
  2 hobgoblins
  2 jackals (D:1)
  A quokka (D:1)
  2 ball pythons (D:1)
  4 frilled lizards
  8 kobolds
  4 rats
65 creatures vanquished.

Vanquished Creatures (others)
  37 plants (D:2)
37 creatures vanquished.

Grand Total: 102 creatures vanquished

Notes
Turn   | Place    | Note
-------+----------+-------------------------------------------
     0 | D:1      | issech the Minotaur Monk began the quest for the Orb.
     0 | D:1      | Reached XP level 1. HP: 19/19 MP: 0/0
   218 | D:1      | Reached skill level 4 in Axes
   265 | D:1      | Reached XP level 2. HP: 27/27 MP: 1/1
  1072 | D:1      | Reached skill level 1 in Armour
  1481 | D:2      | Reached XP level 3. HP: 33/33 MP: 2/2
  1761 | D:1      | Reached XP level 4. HP: 29/40 MP: 3/3
  1899 | D:2      | Reached skill level 5 in Axes
  1954 | D:2      | Noticed Terence
  1958 | D:2      | Killed Terence
  2072 | D:2      | Noticed Natasha
  2081 | D:2      | Killed Natasha
  2218 | D:2      | Noticed Natasha
  2228 | D:2      | Killed Natasha
  2229 | D:2      | Reached XP level 5. HP: 43/47 MP: 4/4
  2539 | D:2      | Noticed Natasha
  2549 | D:2      | Killed Natasha
  3341 | D:3      | Reached skill level 6 in Axes
  3545 | D:3      | Got the Tome of Poisonous Combat Magic
  3756 | D:3      | Reached skill level 1 in Shields
  3767 | D:3      | Reached XP level 6. HP: 38/53 MP: 5/5
  4115 | D:4      | Slain by a killer bee

Illustrated notes

Levels and vault maps discovered:
D:1:      ncdulo_watergridlock, layout_basic
D:2:      layout_basic, serial_bayou, serial_bayou_crossing,
          serial_bayou_lake_a, serial_bayou_shore_b, serial_bayou_lagoon_a,
          minmay_randomly_rotated_circles, uniq_terence, uniq_natasha
D:3:      layout_loops_cross, serial_co_window_serial, co_window_paths_b,
          co_window_corner_a, co_window_cross_1, co_window_of_opportunity_a,
          co_window_of_opportunity_a, co_window_broadway_b,
          co_window_broadway_a, co_window_of_opportunity_c, fountainhead,
          st_stairs_7, wad_floor_pattern_untrapped
D:4:      layout_loops_corners, serial_glass, glass_columns_b, glass_columns_b,
          uniq_eustachio

Skill      XL: |  1  2  3  4  5 |
---------------+----------------+-----
Axes           | 4 5 6 |  6.2
Armour         | 1 2 3 |  3.7
Fighting       | 4 |  4.7
Shields        | 1 |  1.5
Dodging        | |  3.6
Stealth        | |  1.6

Action                   |  1- 3 |  4- 6 || total
-------------------------+-------+-------++-------
Melee: Hand axe          |    80 |    10 ||    90
       Headbutt          |    10 |    21 ||    31
       War axe           |       |   116 ||   116
  Use: Scroll            |       |     6 ||     6
Armor: Plate armour      |    91 |    54 ||   145
Dodge: Dodged            |    40 |    17 ||    57
Block: Kite shield       |       |    36 ||    36
